 Dungeon Crawl Stone Soup version 0.24-a0-136-gad582e5 (webtiles) character file.

Game seed: 3199401112236360553

94 Lunath the Chopper (level 4, -1/41 HPs)
             Began as a Minotaur Fighter on Feb 28, 2019.
             Slain by a gnoll
             ... wielding a +0 whip
              (2 damage)
             ... on level 3 of the Dungeon.
             The game lasted 00:02:57 (1294 turns).

Lunath the Chopper (Minotaur Fighter)               Turns: 1294, Time: 00:02:58

Health: -1/41      AC:  7    Str: 21    XL:     4   Next: 38%
Magic:  3/3        EV:  7    Int:  5    God:
Gold:   99         SH:  9    Dex: 10    Spells: 3/3 levels left

rFire    . . .     SeeInvis .   a - +0 war axe
rCold    . . .     Gourm    .   c - +0 shield
rNeg     . . .     Faith    .   b - +0 scale mail
rPois    .         Spirit   .   (helmet restricted)
rElec    .         Reflect  .   (no cloak)
rCorr    .         Harm     .   (no gloves)
MR       .....                  (no boots)
Stlth    ..........             (no amulet)
HPRegen  0.13/turn              (no ring)
MPRegen  0.08/turn              (no ring)

@: no status effects
A: retaliatory headbutt, horns 2
a: no special abilities


You were on level 3 of the Dungeon.
You were not hungry.

You visited 1 branch of the dungeon, and saw 3 of its levels.

You collected 99 gold pieces.

Inventory:

Hand Weapons
 a - a +0 war axe (weapon)
Armour
 b - a +0 scale mail (worn)
 c - a +0 shield (worn)
Jewellery
 e - a +3 ring of slaying {unknown}
Scrolls
 h - 3 scrolls of remove curse {unknown}
 i - a scroll of random uselessness {unknown}
 j - 2 scrolls of enchant armour {unknown}
 l - a scroll of identify {unknown}
 m - 2 scrolls of teleportation {unknown}
 o - a scroll of enchant weapon {unknown}
Potions
 d - a potion of might
 k - 2 potions of heal wounds {unknown}
 n - a potion of flight {unknown}
Comestibles
 f - 8 rations
 g - 6 chunks of flesh


   Skills:
 + Level 4.6 Fighting
 * Level 4.6 Axes
 - Level 3.8 Armour
 - Level 3.8 Shields


You had 3 spell levels left.
You didn't know any spells.
Your spell library was empty.

Dungeon Overview and Level Annotations

Branches:
Dungeon (3/15)

Altars:


Innate Abilities, Weirdness & Mutations

You reflexively headbutt those who attack you in melee.
You have a pair of horns on your head.


Message History

The gnoll barely misses you.
You closely miss the gnoll. You slash the gnoll shaman!
The gnoll hits you from afar with a +0 spear.
* * * LOW HITPOINT WARNING * * *
You block the gnoll shaman's attack. The gnoll barely misses you.
You hit the gnoll.
The gnoll is heavily wounded.
You hit the gnoll shaman. You block the gnoll's attack.
The gnoll shaman barely misses you. You block the gnoll's attack. x2
You slash the gnoll!
You kill the gnoll!
You hit the gnoll shaman. You completely miss the gnoll.
The gnoll hits you with a +0 whip.
* * * LOW HITPOINT WARNING * * *
The gnoll shaman closely misses you. You furiously retaliate!
You headbutt the gnoll shaman, but do no damage.
The gnoll hits you from afar with a +0 spear.
* * * LOW HITPOINT WARNING * * *
The gnoll hits you with a +0 whip.
You die...

.)....##..........#
.#....####÷.......#
.#....# #........#
.#....# #........#
.##'### #........#
.##.# #........#
##### #........###
≈≈≈≈# #.......g..#
...≈# #......@g..#
...≈# ########g..#
...≈# #....g..#
...≈# #.....###
...≈# #.........#
≈≈≈≈# .........g..#
##### ............#
......<#....#
....... ....#


You could see a gnoll shaman and 3 gnolls.

Vanquished Creatures
  2 gnolls (D:3)
  2 adders
  2 worms (D:3)
  A dart slug (D:1)
  A leopard gecko (D:3)
  An orc (D:3)
  6 bats
  5 giant cockroaches
  9 goblins
  4 hobgoblins (D:1)
  3 frilled lizards
  6 kobolds
  6 rats
48 creatures vanquished.

Notes
Turn   | Place    | Note
-------+----------+-------------------------------------------
     0 | D:1      | Lunath the Minotaur Fighter began the quest for the Orb.
     0 | D:1      | Reached XP level 1. HP: 19/19 MP: 0/0
    56 | D:1      | Reached XP level 2. HP: 27/27 MP: 1/1
   486 | D:2      | Reached XP level 3. HP: 33/33 MP: 2/2
  1197 | D:3      | Reached XP level 4. HP: 35/41 MP: 3/3
  1294 | D:3      | HP: 1/41 [gnoll/+0 spear (2)]
  1294 | D:3      | Slain by a gnoll

Levels and vault maps discovered:
D:1:      evilmike_arrival_plus, layout_rooms, st_stairs_5, patterned_corridor
D:2:      layout_basic, kennysheep_generic_room_4
D:3:      layout_basic, nicolae_overflow_hidden_temple, dk_vineyard_1

Skill      XL: |  1  2  3 |
---------------+----------+-----
Axes           | 3 4 |  4.6
Fighting       | 4 |  4.6
Armour         | |  3.8
Shields        | |  3.8

Action                   |  1- 3 |  4- 6 || total
-------------------------+-------+-------++-------
Melee: War axe           |    90 |    20 ||   110
       Headbutt          |    15 |     2 ||    17
  Eat: Chunk             |     1 |       ||     1
Armor: Scale mail        |    58 |     9 ||    67
Dodge: Dodged            |    32 |     8 ||    40
Block: Shield            |    49 |    15 ||    64

Table legend:
 A = Non-vault XP
 B = Vault XP
 C = Vault XP percentage of total XP
 D = Non-vault monster count
 E = Vault monster count
 F = Vault count percentage of total count
                 A         B        C        D         E       F
            +---------+---------+-------+---------+---------+-------
      Total |     128 |       7 |   5.2 |      43 |       5 |  10.4
            +---------+---------+-------+---------+---------+-------
        D:1 |      34 |       4 |  10.5 |      19 |       3 |  13.6
        D:2 |      27 |       3 |  10.0 |      10 |       2 |  16.7
        D:3 |      67 |       0 |   0.0 |      14 |       0 |   0.0
            +---------+---------+-------+---------+---------+-------
